 Dungeon Crawl Stone Soup version 0.25.1-2-g60ff931df9 (webtiles) character file.

Game seed: 16416161284568807963

2363 MrRokkomies the Cutter (level 9, -10/74 HPs)
             Began as a Vampire Chaos Knight on Aug 4, 2020.
             Was a Plaything of Xom.
             Mangled by Pikel
             ... wielding a +1 whip of electrocution
              (20 damage)
             ... on level 6 of the Dungeon.
             The game lasted 00:15:43 (29139 turns).

MrRokkomies the Cutter (Vampire Chaos Knight)      Turns: 29139, Time: 00:15:44

Health: -10/74     AC: 16    Str: 13    XL:     9   Next: 21%
Magic:  9/9        EV:  6    Int: 18    God:    Xom [...*..]
Gold:   322        SH:  0    Dex: 13    Spells: 8/8 levels left

rFire    + + .     SeeInvis +   G - -1 shortbow (curse)
rCold    . . .     Gourm    .   (shield currently unavailable)
rNeg     . . .     Faith    .   l - +2 chain mail of Yjofudew {Slay+3}
rPois    .         Spirit   .   F - +0 helmet
rElec    .         Reflect  .   s - +1 cloak
rCorr    .         Harm     .   (no gloves)
MR       ++...                  (no boots)
Stlth    ..........             (no amulet)
HPRegen  0.42/turn              D - ring of protection from fire
MPRegen  0.11/turn              (no ring)

@: regenerating quickly
A: no food, claws 1, fangs 3, hooves 1, rugged brown scales 1, camouflage 1, see
invisible, clever 1, fire resistance 1, magic resistance 2, mutation resistance
1, shaggy fur 1, unbreathing
a: Exsanguinate, Renounce Religion


You were on level 6 of the Dungeon.
You worshipped Xom.
You were a favourite toy of Xom.
You were alive.

You visited 1 branch of the dungeon, and saw 6 of its levels.

You collected 322 gold pieces.

Inventory:

Hand Weapons
 a - a +1 falchion of chaos
 j - the +8 rapier "Lifebane" {chaos, +Inv Str+4 Int+3}
   (Xom gifted it to you on level 1 of the Dungeon)

   Each time it hits an enemy it has a different, random effect.
   It affects your strength (+4).
   It affects your intelligence (+3).
   It lets you turn invisible.
 n - the +8 dire flail "Quwen" {chaos, rF- Int+5}
   (Xom gifted it to you on level 1 of the Dungeon)

   Each time it hits an enemy it has a different, random effect.
   It affects your intelligence (+5).
   It makes you vulnerable to fire.
 G - a cursed -1 shortbow (weapon)
Missiles
 o - 4 silver boomerangs
 r - 10 javelins
 x - 49 poisoned darts
 y - 2 throwing nets
 C - 14 arrows (quivered)
Armour
 b - a +2 leather armour
 l - the +2 chain mail of Yjofudew (worn) {Slay+3}
   (Xom gifted it to you on level 1 of the Dungeon)

   It affects your accuracy and damage with ranged weapons and melee attacks
   (+3).
 s - a +1 cloak (worn)
 F - a +0 helmet (worn)
Magical Staves
 q - an uncursed staff of energy
Jewellery
 D - a ring of protection from fire (left claw)
Wands
 E - a wand of polymorph (4)
 H - a wand of flame (8)
 I - a wand of random effects (12)
 J - a wand of paralysis (9)
Scrolls
 c - a scroll of teleportation
 e - a scroll of enchant weapon
 h - a scroll of enchant armour
 t - a scroll of magic mapping
 u - 5 scrolls of identify
Potions
 d - a potion of invisibility {unknown}
 f - a potion of flight {unknown}
 g - a potion of cancellation {unknown}
 i - 6 potions of curing
 p - 3 potions of resistance
 v - a potion of heal wounds {unknown}
 w - a potion of degeneration {unknown}
 z - 2 potions of haste {unknown}
 A - 2 potions of might
 B - a potion of brilliance {unknown}
Miscellaneous
 k - a box of beasts
 m - a lightning rod (4/4)


   Skills:
 * Level 7.1 Fighting
 * Level 7.5(7.9) Short Blades
 - Level 3.4(5.5) Long Blades
 + Level 3.6 Throwing
 + Level 4.1 Armour
 - Level 2.2 Dodging
 - Level 2.2 Stealth


You had 8 spell levels left.
You didn't know any spells.
Your spell library contained the following spells:

 Spells                   Type           Power        Failure   Level  Hunger
 Apportation              Tloc           #.....       99%         1    N/A
 Summon Butterflies       Summ           #.......     99%         1    N/A
 Lesser Beckoning         Tloc           #.........   100%        3    N/A
 Tukima's Dance           Hex            #.......     100%        3    N/A
 Alistair's Intoxication  Tmut/Pois      #.......     100%        5    N/A
 Invisibility             Hex            #.......     100%        6    N/A

Dungeon Overview and Level Annotations

Branches:
Dungeon (6/15)             Temple (0/1) D:4

Altars:
Ashenzari
Hepliaklqana
Ru
Uskayaw
Wu Jian
Xom
Beogh

Shops:
D:5 [

Annotations:
D:3 3 runed translucent doors, harlaan's ghost, amateur DESu
D:6 1 transporter, Pikel


Innate Abilities, Weirdness & Mutations

You do not eat.
Your natural rate of healing is unusually fast.
You have razor-sharp teeth.
You have supernaturally acute eyesight. (SInv)
You can survive without breathing.
You have sharp fingernails.
You have large cloven feet.
You are partially covered in rugged brown scales. (AC +1, +3% HP)
Your skin changes colour to match your surroundings (Stealth+).
Your mind is acute. (Int +2)
Your flesh is heat resistant. (rF+)
You are highly resistant to hostile enchantments. (MR++)
You are somewhat resistant to further mutation.
You are covered in fur. (AC +1)


Message History

Pikel hits you with a +1 whip of electrocution.
Firing (i - inventory. (/) - cycle)
C - 16 arrows (quivered)
Press: ? - help, Shift-Dir - straight line, f/p - Pikel
Aim: Pikel, wielding a +1 whip of electrocution and wearing a +0 robe (heavily wounded)
You shoot an arrow.
The arrow hits Pikel but does no damage.
Pikel is heavily wounded.
Xom makes a sudden noise!
You hear an echo.
Pikel hits you with a +1 whip of electrocution. x2
You are electrocuted!
* * * LOW HITPOINT WARNING * * *
Firing (i - inventory. (/) - cycle)
C - 15 arrows (quivered)
Press: ? - help, Shift-Dir - straight line, f/p - Pikel
Aim: Pikel, wielding a +1 whip of electrocution and wearing a +0 robe (heavily wounded)
You shoot an arrow.
The arrow hits Pikel but does no damage.
Pikel is heavily wounded.
Pikel hits you but does no damage.
You are electrocuted!!
You die...
Xom howls with laughter!

#########
....ppK.# #@#
#[# .#.#
#.#######
#######.#.#
#.......#
#.........#
#.......#
#.........#
#.......####
#.........#
#.######...#
#.........# #.#
#)..#
###..>......#
#.######...####


You could see Pikel and 2 slaves.

Vanquished Creatures
  A hippogriff (D:6)
  2 slaves (D:6)
  2 phantoms (D:5)
  4 ogres
  The ghost of H0rd4k the Insei, an amateur OpTm (D:4)
  2 bullfrogs
  A water moccasin zombie (D:6)
  2 bullfrog zombies (D:5)
  6 crimson imps
  3 jellies
  2 bullfrog skeletons
  3 centaur skeletons
  5 orc priests
  2 hounds
  5 orc wizards
  Terence (D:2)
  5 iguanas
  4 worker ants (D:5)
  2 hound zombies (D:5)
  2 hound skeletons
  A howler monkey skeleton (D:5)
  A worker ant zombie (D:5)
  4 gnolls
  10 adders
  A shadow imp (D:6)
  2 oozes
  An adder skeleton (D:5)
  2 adder zombies (D:5)
  4 worms
  3 dart slugs
  5 leopard geckos
  25 orcs
  7 giant cockroaches
  5 goblins
  6 hobgoblins
  6 jackals
  A ball python skeleton (D:4)
  11 bats
  3 frilled lizards
  5 kobolds
  A leopard gecko skeleton (D:5)
  2 quokka skeletons
  8 rats
169 creatures vanquished.

Vanquished Creatures (collateral kills)
  An orc (D:6)
1 creature vanquished.

Grand Total: 170 creatures vanquished

Notes
Turn   | Place    | Note
-------+----------+-------------------------------------------
     0 | D:1      | MrRokkomies the Vampire Chaos Knight began the quest for
                  | the Orb.
     0 | D:1      | Reached XP level 1. HP: 17/17 MP: 1/1
    13 | D:1      | XOM: silly message
   166 | D:1      | Reached skill level 1 in Armour
   166 | D:1      | Reached XP level 2. HP: 16/23 MP: 2/2
   207 | D:1      | XOM: silly message
   259 | D:1      | XOM: cast spell 'Cause Fear'
   775 | D:1      | XOM: scenery: create altars
  1457 | D:1      | XOM: give mutation
  1457 | D:1      | Gained mutation: You expend magic power (3 MP) to
                  | strengthen your wands. [Xom's grace]
  1565 | D:1      | XOM: god gift: masterwork rapier {god gift}
  1568 | D:1      | Got a masterwork rapier {god gift}
  1569 | D:1      | Identified the +8 rapier "Lifebane" {chaos, +Inv Str+4
                  | Int+3} (Xom gifted it to you on level 1 of the Dungeon)
  1658 | D:1      | XOM: cloud trail
  1911 | D:1      | XOM: god gift: scroll labeled JEPEFO CEROICW {god gift}
  2031 | D:1      | XOM: cloud trail
  2164 | D:1      | XOM: give mutation
  2164 | D:1      | Gained mutation: You are somewhat resistant to further
                  | mutation. [Xom's grace]
  2165 | D:1      | XOM: scenery: create altars
  2457 | D:1      | XOM is BORED!
  2457 | D:1      | XOM: give mutations
  2457 | D:1      | Gained mutation: Armour fits poorly on your strangely
                  | shaped body. [Xom's mischief]
  2457 | D:1      | Lost mutation: Armour fits poorly on your strangely shaped
                  | body. [Xom's mischief]
  2457 | D:1      | Gained mutation: You are dopey. (Int -2) [Xom's mischief]
  3397 | D:1      | XOM: give mutations
  3397 | D:1      | Gained mutation: You are frail. (-10% HP) [Xom's mischief]
  3397 | D:1      | Lost mutation: You expend magic power (3 MP) to strengthen
                  | your wands. [Xom's mischief]
  3397 | D:1      | Gained mutation: Potions are less effective at restoring
                  | your health. [Xom's mischief]
  4516 | D:1      | XOM: give mutations
  4516 | D:1      | Lost mutation: You are frail. (-10% HP) [Xom's mischief]
  4516 | D:1      | Lost mutation: You are dopey. (Int -2) [Xom's mischief]
  4994 | D:1      | XOM: give mutation
  4994 | D:1      | Gained mutation: Your mind is acute. (Int +2) [Xom's grace]
  5544 | D:1      | XOM is BORED!
  5550 | D:1      | XOM: god gift: 12 gold pieces
  7244 | D:1      | XOM: cloud trail
  7913 | D:1      | XOM: silly message
  8714 | D:1      | XOM is BORED!
  8714 | D:1      | XOM: give mutations
  8714 | D:1      | Gained mutation: You are partially covered in thin metallic
                  | scales. (AC +2) [Xom's mischief]
  8714 | D:1      | Gained mutation: You are clumsy. (Dex -2) [Xom's mischief]
  8714 | D:1      | Gained mutation: You are somewhat resistant to both further
                  | mutation and mutation removal. [Xom's mischief]
  9293 | D:1      | XOM: scenery: create altars
  9842 | D:1      | XOM: cloud trail
  9887 | D:1      | XOM: scenery: create altars
 10218 | D:1      | XOM: give mutations
 10218 | D:1      | Gained mutation: You have large cloven feet. [Xom's grace]
 10218 | D:1      | Gained mutation: Your flesh is cold resistant. (rC+) [Xom's
                  | grace]
 10218 | D:1      | Gained mutation: You are resistant to hostile enchantments.
                  | (MR+) [Xom's grace]
 10218 | D:1      | Gained mutation: Your mind is very acute. (Int +4) [Xom's
                  | grace]
 10391 | D:1      | XOM: god gift: box of beasts
 10537 | D:1      | XOM: god gift: bronze chain mail {god gift}
 10540 | D:1      | Got a bronze chain mail {god gift}
 10549 | D:1      | XOM: god gift: lightning rod (4/4)
 10551 | D:1      | Identified the +2 chain mail of Yjofudew {Slay+3} (Xom
                  | gifted it to you on level 1 of the Dungeon)
 11217 | D:1      | XOM: cloud trail
 11613 | D:1      | XOM: give mutations
 11613 | D:1      | Lost mutation: You are somewhat resistant to both further
                  | mutation and mutation removal. [Xom's grace]
 11613 | D:1      | Lost mutation: You are somewhat resistant to further
                  | mutation. [Xom's grace]
 11613 | D:1      | Gained mutation: You evolve. [Xom's grace]
 11613 | D:1      | Gained mutation: You have sharp fingernails. [Xom's grace]
 11613 | D:1      | Gained mutation: You expend magic power (3 MP) to
                  | strengthen your wands. [Xom's grace]
 11634 | D:1      | XOM: scenery: create altars
 12624 | D:1      | XOM: cloud trail
 12721 | D:1      | XOM: divination: magic mapping
 13883 | D:1      | XOM: give mutations
 13883 | D:1      | Gained mutation: You are partially covered in rugged brown
                  | scales. (AC +1, +3% HP) [Xom's grace]
 13883 | D:1      | Gained mutation: Your flesh is heat resistant. (rF+) [Xom's
                  | grace]
 13935 | D:1      | XOM: give mutations
 13935 | D:1      | Gained mutation: You can translocate small distances at
                  | will. [Xom's grace]
 13935 | D:1      | Gained mutation: You have a pair of small horns on your
                  | head. [Xom's grace]
 14149 | D:1      | XOM: give mutation
 14149 | D:1      | Lost mutation: You are partially covered in thin metallic
                  | scales. (AC +2) [Xom's mischief]
 14286 | D:1      | XOM: god gift: steaming dire flail {god gift}
 14500 | D:1      | XOM is BORED!
 14500 | D:1      | XOM: stat loss: -2 Dex (9/11)
 15046 | D:1      | XOM: summons 1 hostile shadow creature
 15051 | D:1      | Got a steaming dire flail {god gift}
 15052 | D:1      | Identified the +8 dire flail "Quwen" {chaos, rF- Int+5}
                  | (Xom gifted it to you on level 1 of the Dungeon)
 15056 | D:1      | XOM: summons 2 hostile demons
 15778 | D:1      | XOM: noise
 16718 | D:1      | XOM is BORED!
 17095 | D:1      | XOM: divination: detect items
 19122 | D:1      | XOM: silly message
 20058 | D:1      | XOM: god gift: glowing battleaxe {god gift}
 20337 | D:1      | XOM: give mutations
 20337 | D:1      | Lost mutation: You evolve. [Xom's mischief]
 20337 | D:1      | Lost mutation: You have a pair of small horns on your head.
                  | [Xom's mischief]
 20436 | D:1      | XOM: noise
 20818 | D:1      | XOM: cloud trail
 20950 | D:1      | XOM: scenery: create altars
 21265 | D:1      | XOM: god gift: 6 silver boomerangs
 21319 | D:1      | XOM: god gift: 2 fuming grey potions {god gift}
 21611 | D:1      | XOM: god gift: book of Party Tricks
 21692 | D:1      | XOM: god gift: thin smoking staff {god gift}
 22085 | D:1      | XOM: scenery: create altars
 22137 | D:1      | XOM: give mutations
 22137 | D:1      | Gained mutation: You are covered in fur. (AC +1) [Xom's
                  | grace]
 22137 | D:1      | Gained mutation: You have a pair of small antennae on your
                  | head. [Xom's grace]
 22137 | D:1      | Gained mutation: Your skin changes colour to match your
                  | surroundings (Stealth+). [Xom's grace]
 22150 | D:1      | XOM: god gift: 5 javelins
 22295 | D:1      | XOM: give mutations
 22295 | D:1      | Gained mutation: You are highly resistant to hostile
                  | enchantments. (MR++) [Xom's grace]
 22295 | D:1      | Gained mutation: You are covered in thick fur. (AC +2)
                  | [Xom's grace]
 22295 | D:1      | Lost mutation: You are clumsy. (Dex -2) [Xom's grace]
 22295 | D:1      | Gained mutation: You are somewhat resistant to further
                  | mutation. [Xom's grace]
 22416 | D:1      | XOM: give mutations
 22416 | D:1      | Lost mutation: Your flesh is cold resistant. (rC+) [Xom's
                  | mischief]
 22416 | D:1      | Lost mutation: Your mind is very acute. (Int +4) [Xom's
                  | mischief]
 22904 | D:1      | XOM is BORED!
 23550 | D:1      | XOM: noise
 23852 | D:1      | XOM: give mutations
 23852 | D:1      | Lost mutation: You have a pair of small antennae on your
                  | head. [Xom's mischief]
 23852 | D:1      | Lost mutation: You can translocate small distances at will.
                  | [Xom's mischief]
 23852 | D:1      | Lost mutation: Potions are less effective at restoring your
                  | health. [Xom's mischief]
 24115 | D:1      | XOM: give mutations
 24115 | D:1      | Lost mutation: You expend magic power (3 MP) to strengthen
                  | your wands. [Xom's mischief]
 24115 | D:1      | Lost mutation: You are covered in thick fur. (AC +2) [Xom's
                  | mischief]
 24168 | D:1      | XOM: silly message
 24414 | D:1      | XOM: silly message
 24699 | D:2      | Reached XP level 3. HP: 29/29 MP: 3/3
 24853 | D:2      | Found a sacrificial altar of Ru.
 24942 | D:2      | Reached skill level 1 in Short Blades
 24942 | D:2      | Reached skill level 1 in Stealth
 25070 | D:2      | XOM: confusion (+ monsters)
 25100 | D:2      | Noticed Terence
 25112 | D:2      | Killed Terence
 25112 | D:2      | Reached XP level 4. HP: 29/38 MP: 4/4
 25330 | D:2      | XOM: 5-stop teleportation journey
 25474 | D:2      | XOM: silly message
 25621 | D:3      | Found an ornate altar of the Wu Jian Council.
 25623 | D:3      | Reached XP level 5. HP: 43/43 MP: 5/5
 25872 | D:3      | Found a runed translucent gate.
 25872 | D:3      | Found a runed translucent gate.
 25872 | D:3      | Noticed harlaan's ghost (amateur DESu)
 25873 | D:3      | Found a runed translucent gate.
 25875 | D:3      | Found a roughly hewn altar of Beogh.
 25876 | D:3      | Identified the +1 spear "Doqyt" {flame, Str+7}
 25876 | D:3      | Identified the +5 scale mail of Kyodoej {Int+2}
 25879 | D:3      | XOM: noise
 25942 | D:3      | Reached XP level 6. HP: 49/49 MP: 6/6
 25965 | D:3      | Reached skill level 1 in Throwing
 26080 | D:3      | XOM: potion effect (invisibility)
 26153 | D:3      | XOM: god gift: dark potion {god gift}
 26267 | D:3      | XOM: god gift: ration
 26276 | D:4      | Found a shattered altar of Ashenzari.
 26324 | D:4      | Found a runed translucent door.
 26408 | D:4      | Found a staircase to the Ecumenical Temple.
 26479 | D:4      | XOM: scenery: create altars
 26521 | D:4      | XOM: 1-stop teleportation journey
 26563 | D:4      | XOM: cast spell 'Olgreb's Toxic Radiance'
 26816 | D:4      | Noticed H0rd4k's ghost (amateur OpTm)
 26822 | D:4      | XOM: potion effect (might)
 26824 | D:4      | XOM: potion effect (stabbing)
 26827 | D:4      | Killed H0rd4k's ghost
 26859 | D:5      | Entered Level 5 of the Dungeon
 26859 | D:5      | Found a hazy altar of Hepliaklqana.
 26881 | D:5      | Reached XP level 7. HP: 56/56 MP: 7/7
 26920 | D:5      | XOM: cloud trail
 27084 | D:5      | Reached skill level 5 in Fighting
 27114 | D:5      | XOM: silly message
 27177 | D:5      | Found a shimmering altar of Xom.
 27279 | D:5      | XOM: silly message
 27291 | D:5      | Reached skill level 5 in Short Blades
 27469 | D:5      | Found Urayr's Antique Armour Shop.
 27476 | D:5      | Reached XP level 8. HP: 65/65 MP: 8/8
 27670 | D:5      | XOM: cast spell 'Summon Butterflies'
 27823 | D:5      | XOM: silly message
 28198 | D:6      | Noticed a hippogriff
 28208 | D:6      | Killed a hippogriff
 28300 | D:6      | XOM: enchant monster (good)
 28307 | D:6      | XOM: potion effect (stabbing)
 28309 | D:6      | XOM: summons friendly ufetubus
 28505 | D:6      | XOM: enchant monster (good)
 28533 | D:6      | Reached XP level 9. HP: 73/73 MP: 9/9
 28598 | D:6      | Found a transporter.
 28621 | D:6      | Found a hide-covered altar of Uskayaw.
 28689 | D:6      | XOM: potion effect (haste)
 29134 | D:6      | Noticed Pikel
 29138 | D:6      | XOM: noise
 29139 | D:6      | Mangled by Pikel

Illustrated notes

Levels and vault maps discovered:
D:1:      roderic_crossed_star, layout_rooms
D:2:      layout_basic, nicolae_ru_awakened_eye, uniq_terence
D:3:      layout_basic, lemuel_doored_altar, biasface_ghost_orc_armoury
D:4:      layout_loops_ring, ashenzari_conservatory_becter,
          minmay_temple_entry_trees, ebering_ghost_sewer_d, serial_glass,
          glass_columns_a, glass_columns_b, due_unseen_surprise,
          feat_on_display, minmay_strange_pillars, item_on_display_a
D:5:      minmay_bubble_buster, layout_basic, old_standard_altar, serial_shops,
          shop, serial_undead, serial_undead_e, serial_undead_d,
          serial_undead_f, serial_undead_b, serial_undead_b, serial_undead_f,
          first_ration, led_xom_imps
D:6:      minmay_opposing_rooms, layout_basic, gammafunk_temple_overflow_arena,
          minmay_bent, uniq_pikel

Skill      XL: |  1  2  3  4  5  6  7  8  9 |
---------------+----------------------------+-----
Armour         | 1 2 3 4 |  4.1
Fighting       | 3 4 5 6 7 |  7.1
Short Blades   | 1 2 3 4 5 7 |  7.5
Stealth        | 1 2 |  2.2
Throwing       | 1 2 3 |  3.6
Long Blades    | |  3.4
Dodging        | |  2.2

Action                   |  1- 3 |  4- 6 |  7- 9 || total
-------------------------+-------+-------+-------++-------
Melee: Falchion          |    31 |       |       ||    31
       Bite              |     6 |     4 |     7 ||    17
       Rapier            |    43 |   102 |   101 ||   246
       Kick              |     9 |    15 |    27 ||    51
       Headbutt          |     1 |       |       ||     1
       Shortbow          |       |       |     1 ||     1
 Fire: Shortbow          |       |       |   162 ||   162
Throw: Boomerang         |       |       |    21 ||    21
  Use: Scroll            |       |    11 |     2 ||    13
 Stab: Petrifying        |     1 |       |       ||     1
       Invisible         |       |     2 |       ||     2
       Confused          |       |     1 |       ||     1
       Paralysed         |       |     1 |       ||     1
Armor: Leather armour    |    21 |       |       ||    21
       Chain mail        |    33 |    67 |   136 ||   236
Dodge: Dodged            |    57 |    38 |    62 ||   157
       Rpst.: Falchion   |    15 |       |       ||    15
